 Dungeon Crawl Stone Soup version 0.31.0-32-g396128a36d (webtiles) character file.

Game seed: 1590079740656881310

459 PaiMei the Grave Robber (level 6, 0/47 HPs)
             Began as a Demonspawn Necromancer on Mar 29, 2024.
             Slain by an orc
             ... wielding a +0 trident
              (4 damage)
             ... on level 4 of the Dungeon.
             The game lasted 00:06:05 (5000 turns).

PaiMei the Grave Robber (Demonspawn Necromancer)    Turns: 5000, Time: 00:06:06

Health: 0/47       AC:  3    Str:  8    XL:     6   Next: 78%
Magic:  9/11       EV: 13    Int: 17    God:
Gold:   160        SH:  4    Dex: 14    Spells: 4/12 levels left

rFire   . . .        n - +2 dagger (venom)
rCold   . . .        (no shield)
rNeg    . . .        a - +0 robe
rPois   .            q - +0 helmet
rElec   .            (no cloak)
rCorr   .            (no gloves)
SInv    .            (no boots)
Will    .....        (no amulet)
Stlth   ++           (no ring)
HPRegen 0.27/turn    (no ring)
MPRegen 0.12/turn

%: no passive effects
@: no status effects
A: large bone plates 1, ignite blood 1
a: no special abilities


You were on level 4 of the Dungeon.
You visited 1 branch of the dungeon, and saw 4 of its levels.

You collected 160 gold pieces.

Inventory:

Hand Weapons
 n - a +2 dagger of venom (weapon)
 z - a +2 dagger of flaming
Missiles
 s - 10 poisoned darts
Armour
 a - a +0 robe (worn)
 p - a +0 kite shield
 q - a +0 helmet (worn)
Wands
 i - a wand of charming (10)
 w - a wand of digging (6)
Scrolls
 c - a scroll of vulnerability {unknown}
 e - a scroll of revelation {unknown}
 f - 2 scrolls of identify {unknown}
 k - 2 scrolls of fog {unknown}
 m - a scroll of blinking {unknown}
 r - a scroll of torment {unknown}
 u - 2 scrolls of noise {unknown}
 v - a scroll of poison {unknown}
 x - a scroll of immolation {unknown}
 y - a scroll of silence {unknown}
Potions
 b - a potion of magic
 d - a potion of degeneration {unknown}
 g - 2 potions of curing {unknown}
 h - 2 potions of attraction {unknown}
 j - a potion of mutation {unknown}
 l - a potion of brilliance {unknown}
 o - 2 potions of enlightenment {unknown}
 t - 2 potions of haste {unknown}


   Skills:
 + Level 3.1 Fighting
 + Level 3.5 Dodging
 - Level 2.0 Stealth
 + Level 3.8 Spellcasting
 + Level 5.8 Necromancy


You had 4 spell levels left.
You knew the following spells:

 Your Spells              Type           Power      Damage    Failure   Level
a - Necrotise             Necr           92%        1d8       1%          1
b - Vampiric Draining     Necr           23%        2d7       4%          3
c - Animate Dead          Necr           23%        N/A       14%         4

Your spell library contained the following spells:

 Spells                   Type           Power      Damage    Failure   Level
 Curse of Agony           Necr           23%        N/A       38%         5


Dungeon Overview and Level Annotations

Branches:
Dungeon (4/15)
 Temple: D:4-7

Altars:
Makhleb
Vehumet

Shops:
D:1 =!


Innate Abilities, Weirdness & Mutations

You are partially covered in large bone plates. (SH +4)
Your demonic aura sometimes causes spilled blood to erupt in flames.


Message History

The orc barely misses you.
Your scorpion zombie hits the crimson imp but does no damage.
Casting: Necrotise (safe; 1% risk of failure)
Confirm with . or Enter, or press ? or * to list all spells.
Aiming: Vampiric Draining (dangerous; 4% risk of failure)
Press: ? - help, Shift-Dir - straight line, f - orc
Aim: an orc, wielding a +0 club You draw life force from the orc!
You kill the orc!
You feel life coursing into your body.
The crimson imp blinks!
The orc hits you from afar with a +0 trident.
The crimson imp blinks!
The crimson imp zaps a wand.
The puff of flame hits you.
The crimson imp zaps a wand.
The puff of flame hits you.
* * * LOW HITPOINT WARNING * * *
You hit the crimson imp but do no damage.
The crimson imp zaps a wand.
The puff of flame hits you.
* * * LOW HITPOINT WARNING * * *
You hit the crimson imp.
The crimson imp is lightly wounded.
The crimson imp hits you but does no damage.
You hit the crimson imp but do no damage.
The crimson imp is lightly wounded.
The orc barely misses you. You block the crimson imp's attack.
You hit the crimson imp.
The crimson imp is moderately wounded.
You block the orc's attack.
The crimson imp hits you but does no damage.
Your scorpion zombie barely misses the crimson imp.
You barely miss the crimson imp.
The crimson imp is lightly wounded.
The orc hits you from afar with a +0 trident.
* * * LOW HITPOINT WARNING * * *
The crimson imp completely misses you.
Your scorpion zombie hits the crimson imp.
You miss the crimson imp.
The crimson imp is heavily wounded.
The orc closely misses you.
The crimson imp blinks!
The orc hits you with a +0 trident.
You die...

..............#...#
..................#
.......#..........##
.......#....#......##
......###.###..#....##
...[#####..#...#.....#
...####..>...5......##
........(........o.##
.....#.......Z..@#..#
.....##.........###'#
.###.#.........ยง.##o#
................##...
.............>..#[....
..............#.##_._##
..............########
...............#
........##.....#


You could see a crimson imp (ally target), an orc and a friendly scorpion
zombie.

Vanquished Creatures
  An ogre (D:3)
  A bullfrog (D:4)
  A scorpion (D:4)
  2 bombardier beetles (D:3)
  An iguana (D:3)
  Robin (D:2)
  5 adders
  8 orcs
  6 ball pythons
  3 bats
  5 endoplasms
  A giant cockroach (D:2)
  23 goblins
  12 hobgoblins
  4 quokkas
  4 frilled lizards (D:1)
  3 kobolds
  3 rats
84 creatures vanquished.

Vanquished Creatures (collateral kills)
  A dart slug (D:1)
  A ball python (D:1)
  2 bats (D:2)
  2 endoplasms
  A frilled lizard (D:3)
7 creatures vanquished.

Grand Total: 91 creatures vanquished

Notes
Turn   | Place    | Note
-------+----------+-------------------------------------------
     0 | D:1      | PaiMei the Demonspawn Necromancer began the quest for the
                  | Orb.
     0 | D:1      | Reached XP level 1. HP: 13/13 MP: 3/3
   261 | D:1      | Found a faded altar of an unknown god.
   297 | D:1      | Gained mutation: You are partially covered in large bone
                  | plates. (SH +4) [demonic ancestry]
   297 | D:1      | Reached XP level 2. HP: 13/19 MP: 0/5
   439 | D:1      | Found Taussodo's Jewellery Shoppe.
   518 | D:1      | Found Jobak's Distillery.
   956 | D:2      | Reached XP level 3. HP: 25/25 MP: 2/6
   967 | D:2      | Learned a level 3 spell: Vampiric Draining
  1004 | D:2      | Reached skill level 1 in Fighting
  1111 | D:2      | Noticed Robin
  1909 | D:2      | Killed Robin
  1910 | D:2      | Gained mutation: Your demonic aura sometimes causes spilled
                  | blood to erupt in flames. [demonic ancestry]
  1910 | D:2      | Reached XP level 4. HP: 32/32 MP: 0/7
  3010 | D:3      | Learned a level 4 spell: Animate Dead
  3050 | D:3      | Reached skill level 5 in Necromancy
  3176 | D:3      | Reached XP level 5. HP: 38/38 MP: 5/9
  3941 | D:3      | Noticed an ogre
  4493 | D:3      | Killed an ogre
  4494 | D:3      | Reached XP level 6. HP: 46/46 MP: 3/11
  4976 | D:4      | Found a burning altar of Makhleb.
  4976 | D:4      | Found a radiant altar of Vehumet.
  5000 | D:4      | Slain by an orc

Illustrated notes

Levels and vault maps discovered:
D:1:      heliophobic_arrival_henge, layout_rooms, serial_shops, shop,
          nicolae_shop_trees, nicolae_ecumenical_lake_church,
          palyth_stone_intersect
D:2:      minmay_wonky_spiral, layout_loops_ring, uniq_robin
D:3:      layout_basic, minmay_ogre_servants
D:4:      layout_cave_pools, grunt_temple_overflow_lords_of_destruction

Skill      XL: |  1  2  3  4  5  6 |
---------------+-------------------+-----
Dodging        | 2 3 |  3.5
Stealth        | 2 |  2.0
Fighting       | 1 2 3 |  3.1
Necromancy     | 5 |  5.8
Spellcasting   | 3 |  3.8

Action                     |  1- 3 |  4- 6 || total
---------------------------+-------+-------++-------
  Melee: Unarmed           |     9 |       ||     9
         Club              |    12 |     3 ||    15
         Dagger            |       |    42 ||    42
   Cast: Necrotise         |    73 |    80 ||   153
         Vampiric Draining |       |    10 ||    10
         Animate Dead      |       |     1 ||     1
 Armour: Robe              |    25 |    41 ||    66
  Dodge: Dodged            |    23 |    42 ||    65
  Block: Other             |     7 |    12 ||    19
